[ PARTIDA AOE2 · #472478543 ]
UnrankedVietnamitas vs Spanish
[ ANÁLISIS DE REPETICIÓN · EXTRAÍDO DE LA PARTIDA GRABADA ]
Feudal
—
Castillos
—
Imperial
—
| APM promedio | 10.6 |
| APM pico | 13 |
| eAPM promedio | 3.8 |
| Aldeanos / militares | 0 / 0 |
Foco
⚔️ 0.0% · 🌾 100.0%
Feudal
—
Castillos
—
Imperial
—
| APM promedio | 25.1 |
| APM pico | 32 |
| eAPM promedio | 14.5 |
| Aldeanos / militares | 0 / 0 |
Foco
⚔️ 0.0% · 🌾 100.0%
Feudal
—
Castillos
—
Imperial
—
| APM promedio | 50.2 |
| APM pico | 42 |
| eAPM promedio | 6.8 |
| Aldeanos / militares | 0 / 0 |
Foco
⚔️ 33.3% · 🌾 66.7%
Feudal
—
Castillos
—
Imperial
—
| APM promedio | 18.3 |
| APM pico | 20 |
| eAPM promedio | 3.8 |
| Aldeanos / militares | 0 / 0 |
Foco
⚔️ 0.0% · 🌾 100.0%
Feudal
—
Castillos
—
Imperial
—
| APM promedio | 49.4 |
| APM pico | 55 |
| eAPM promedio | 12.2 |
| Aldeanos / militares | 0 / 0 |
Foco
⚔️ 60.0% · 🌾 40.0%
Feudal
—
Castillos
—
Imperial
—
| APM promedio | 65.4 |
| APM pico | 79 |
| eAPM promedio | 3.8 |
| Aldeanos / militares | 0 / 0 |
Foco
⚔️ 33.3% · 🌾 66.7%
Feudal
—
Castillos
—
Imperial
—
| APM promedio | 51.7 |
| APM pico | 64 |
| eAPM promedio | 4.6 |
| Aldeanos / militares | 0 / 0 |
Foco
⚔️ 50.0% · 🌾 50.0%
Feudal
—
Castillos
—
Imperial
—
| APM promedio | 44.1 |
| APM pico | 38 |
| eAPM promedio | 1.5 |
| Aldeanos / militares | 0 / 0 |
Foco
⚔️ 0.0% · 🌾 100.0%
Mapa de la partida
Recursos iniciales + cada clic de construcción. Líneas = muros · curvas = relieve. ◆ oro · ⬟ piedra · ● bayas · ✦ reliquia · ◌ hueco del cierre
Tu base
Base de IOCQ
Base de CARRY_BERRY_JDV <3
Base de henkeriks
Base de 帅能当饭吃
Base de eddy1343712
Base de 雕牌洗衣粉
Base de Zozo
Terreno inicial suavizado · ◌ = hueco del cierre detectado · pasá el cursor para detalles
Inputs por minuto
— LetItGo :( - - IOCQ
Build order — LetItGo :(
1 acciones detectadas en el replay
| 0:21 | Construir | Town Center |
Build order — IOCQ
2 acciones detectadas en el replay
| 0:17 | Construir | Town Center |
| 0:23 | Construir | House |
Build order — CARRY_BERRY_JDV <3
3 acciones detectadas en el replay
| 0:06 | Construir | House |
| 0:21 | Construir | Town Center |
| 1:13 | Construir | Dock |
Build order — henkeriks
1 acciones detectadas en el replay
| 0:31 | Construir | Town Center |
Build order — 帅能当饭吃
5 acciones detectadas en el replay
| 0:17 | Construir | Town Center |
| 1:05 | Construir | Dock |
| 1:09 | Construir | House |
| 1:12 | Construir | Palisade Wall |
| 1:14 | Construir | Palisade Wall |
Build order — eddy1343712
3 acciones detectadas en el replay
| 0:04 | Construir | Town Center |
| 0:51 | Construir | Dock |
| 0:52 | Construir | House |
Build order — 雕牌洗衣粉
2 acciones detectadas en el replay
| 0:26 | Construir | Town Center |
| 1:09 | Construir | Dock |
Build order — Zozo
1 acciones detectadas en el replay
| 0:31 | Construir | Town Center |
Cronología de la partida
| 0:51 | eddy1343712 · first_building Dock |
| 1:02 | LetItGo :( · resign |
| 1:05 | 帅能当饭吃 · first_building Dock |
| 1:09 | 雕牌洗衣粉 · first_building Dock |
| 1:12 | 帅能当饭吃 · wall_segment Palisade Wall x1 |
| 1:13 | CARRY_BERRY_JDV <3 · first_building Dock |
| 1:14 | 帅能当饭吃 · wall_segment Palisade Wall x1 |
[ ANÁLISIS IA · 1 CRÉDITO ]
¿Qué pasó realmente en esta partida?
Wolo.gg analiza cada decisión: build order, eco, micro, errores típicos por bracket. Análisis personalizado por WhatsApp o Discord en 30 segundos.
Guía civ
Vietnamitas
Perfil
LetItGo :(